 Dungeon Crawl Stone Soup version 0.30-a0-141-g30f27751c5 (webtiles) character file.

Game seed: 2294675425849000838

37342 qw the Cleaver (level 13, -3/84 HPs)
             Began as a Gargoyle Fighter on Sept 25, 2022.
             Was a High Priest of Okawaru.
             Slain by a four-headed hydra (5 damage)
             ... on level 5 of the Lair of Beasts.
             The game lasted 00:06:49 (16413 turns).

qw the Cleaver (Gargoyle Fighter)                  Turns: 16413, Time: 00:06:49

Health: -3/84      AC: 33    Str: 24    XL:     13   Next: 96%
Magic:  15/20      EV:  9    Int: 17    God:    Okawaru [*****.]
Gold:   916        SH:  6    Dex:  9    Spells: 12/12 levels left

rFire   + . .      SeeInvis .    g - +0 demon whip (venom)
rCold   + . .      Faith    .    c - +0 buckler
rNeg    + . .      Spirit   .    q - +0 plate armour
rPois   inf        Reflect  .    a - +2 helmet
rElec   +          Harm     .    (no cloak)
rCorr   .          Rampage  .    p - +2 pair of gloves
Will    .....                    (no boots)
Stlth   ..........               e - amulet of the acrobat
HPRegen 0.24/turn                f - +6 ring of strength
MPRegen 0.17/turn                r - ring "Raph" {rElec rF+ rC+ Str-5 Int+6}

@: about to teleport, heroic, finesse-ful
A: sickness immunity, AC +9, negative energy resistance 1, electricity
resistance, torment resistance 1, petrification resistance
a: Renounce Religion, Heroism, Finesse, Duel


You were on level 5 of the Lair of Beasts.
You worshipped Okawaru.
Okawaru was extremely pleased with you.
You visited 3 branches of the dungeon, and saw 14 of its levels.

You collected 916 gold pieces.


Innate Abilities, Weirdness & Mutations

You are immune to sickness and miasma.
Your stone body is resilient. (AC +9)
You are immune to poison.
You resist negative energy. (rN+)
You are resistant to electric shocks. (rElec)
You are resistant to unholy torment.
You are immune to petrification.


   Skills:
 - Level 11.0(16.0) Fighting
 + Level 14.8(19.8) Axes
 - Level 4.2(9.2) Throwing
 - Level 10.0(15.0) Armour
 - Level 2.0(7.0) Dodging
 - Level 7.0(12.0) Shields
 - Level 10.0 Invocations


You had 12 spell levels left.
You didn't know any spells.
Your spell library was empty.

Inventory:

Hand Weapons
 g - a +0 demon whip of venom (weapon)
 j - a +0 vampiric war axe
 t - a +1 vorpal broad axe
Armour
 a - a +2 helmet (worn)
 c - a +0 buckler (worn)
 h - the +0 hat of Holub {rF+ Will+}
   (You found it on level 2 of the Dungeon)

   rF:        It protects you from fire.
   Will:      It increases your willpower.
 p - a +2 pair of gloves (worn)
 q - a +0 plate armour (worn)
Jewellery
 e - an amulet of the acrobat (around neck)
 f - a +6 ring of strength (left hand)
 r - the ring "Raph" (right hand) {rElec rF+ rC+ Str-5 Int+6}
   (You found it on level 7 of the Dungeon)

   [ring of intelligence]

   Str:       It affects your strength (-5).
   Int:       It affects your intelligence (+6).
   rF:        It protects you from fire.
   rC:        It protects you from cold.
   rElec:     It insulates you from electricity.
 w - a ring of willpower
Scrolls
 b - 3 scrolls of identify
 v - 2 scrolls of brand weapon
Potions
 d - a potion of might
 i - 3 potions of lignification
 k - 3 potions of heal wounds
 l - 5 potions of mutation
 m - a potion of resistance
 n - 2 potions of cancellation
 o - a potion of attraction
 s - a potion of haste
 u - 3 potions of curing

Dungeon Overview and Level Annotations

Branches:
Dungeon (8/15)             Temple (1/1) D:5            Lair (5/5) D:8
  Swamp (0/4) Lair:3       Spider (0/4) Lair:2        Slime (0/5) Lair:4

Altars:
Ashenzari
Cheibriados
Dithmenos
Elyvilon
Fedhas
Gozag
Hepliaklqana
Kikubaaqudgha
Nemelex Xobeh
Okawaru
Qazlal
Ru
Sif Muna
Trog
Uskayaw
Vehumet
Wu Jian
Yredelemnul
Zin
The Shining One

Annotations:
D:5 1 runed translucent door, Crazy Yiuf
Lair:1 3 runed translucent doors, Dunwar's ghost, journeyman GnCK
Lair:4 3 runed translucent doors, Ceyroiss's ghost, journeyman HuWn; Fifowuza's ghost, journeyman DrTm; Raneoc's ghost, journeyman MiFi


Message History

The four-headed hydra completely misses you.
You block the four-headed hydra's attack.
The four-headed hydra bites you but does no damage.
16405 ||| Stepping ~*~*~tactically~*~*~ (outnumbered).
The death yak attacks as you move away! The death yak completely misses you.
You hit the death yak but do no damage.
The death yak looks as sick as possible!
The death yak is lightly wounded.
You whack the death yak!
The death yak looks as sick as possible!
The death yak is lightly wounded.
You hit the death yak.
The death yak looks as sick as possible!
The death yak is moderately wounded.
The four-headed hydra bites you! The four-headed hydra bites you.
You block the four-headed hydra's attack.
The four-headed hydra bites you.
The death yak gores you but does no damage.
You hit the death yak but do no damage.
The death yak looks as sick as possible!
The death yak is moderately wounded.
You hit the death yak.
The death yak is moderately wounded.
You hit the death yak.
The death yak looks as sick as possible!
The death yak is moderately wounded.
You hit the death yak but do no damage.
The death yak is moderately wounded.
The four-headed hydra bites you. The four-headed hydra bites you!
The four-headed hydra closely misses you.
The four-headed hydra bites you but does no damage.
The death yak gores you but does no damage.
16413 ||| READING scroll of teleportation.
As you read the scroll of teleportation, it crumbles to dust.
You feel strangely unstable. The death yak barely misses you.
You block the four-headed hydra's attack.
The four-headed hydra bites you but does no damage.
The four-headed hydra bites you! The four-headed hydra bites you.
You die...

...............#.....#......# #..
..............##.....#.#...P###..
..............##.....#####..##...
P.P...........##.....#...#...#...
.#............###.####...#..P##..
P##..........## #####...#...##..
..+..........# #...#.#.#..##...
.............#####...#....%.##...
.#............##@F..........###..
#.#..../......##YD.........##


#PP ##.........[.###H.....#....# #.. #P...........###..#####P..## ##..
.............##...# ##.## #.P. ..............#P..# .!### #..P
.............##...# YY #... .............###..#.#.# ##%# .............###......#
#.# You could see a death yak (extremely poisoned), a four-headed hydra, a
manticore and a cane toad.

Vanquished Creatures
  Josephine (Lair:4)
  4 hydras
  A centaur warrior (D:7)
  A two-headed ogre (D:8)
  A boulder beetle (Lair:4)
  A death yak (Lair:1)
  Amaemon (Lair:2)
  Pikel (D:7)
  A lindwurm (Lair:5)
  A cyclops (D:7)
  24 elephants
  An orange demon (Lair:2)
  9 cane toads
  A torpor snail (Lair:1)
  3 black mambas
  Maggie (Lair:2)
  3 rime drakes
  9 komodo dragons
  A polar bear (Lair:2)
  A hornet (D:7)
  A troll (D:7)
  Grinder (D:6)
  6 blink frogs (Lair:5)
  4 slime creatures (Lair:4)
  6 dream sheep (Lair:4)
  Sigmund (D:3)
  3 wraiths (Lair:4)
  A wyvern (Lair:5)
  25 yaks
  A redback (Lair:2)
  3 wargs (D:8)
  A swamp worm (Lair:3)
  14 water moccasins
  Duvessa (D:4)
  An ice beast (D:4)
  A black bear (D:6)
  15 wolves
  3 centaurs
  2 phantoms
  3 kobold brigands
  14 bullfrogs
  3 scorpions
  2 necrophages
  Dowan (D:4)
  8 wights (D:7)
  4 killer bees (D:7)
  2 howler monkeys
  4 jellies
  6 hounds
  4 orc priests
  3 iguanas
  Terence (D:2)
  6 orc wizards
  A mummy (D:6)
  Robin (D:3)
  4 adders
  A white imp (D:5)
  3 worms
  14 orcs
  6 ball pythons
  2 bats
  7 endoplasms
  2 giant cockroaches
  15 goblins
  4 hobgoblins
  4 jackals (D:1)
  16 kobolds
  5 quokkas
  4 frilled lizards
  3 hobgoblin zombies (D:6)
  A kobold zombie (D:6)
  A rat (D:2)
  2 butterflies (D:5)
313 creatures vanquished.

Vanquished Creatures (others)
  A bush (Lair:1)
  19 fungi
  25 plants
45 creatures vanquished.

Grand Total: 358 creatures vanquished

Notes
Turn   | Place    | Note
-------+----------+-------------------------------------------
     0 | D:1      | qw the Gargoyle Fighter began the quest for the Orb.
     0 | D:1      | Reached XP level 1. HP: 14/14 MP: 1/1
     0 | D:1      | 0 ||| qw: Version: 0.2-a-10-g399e6c4
     0 | D:1      | 0 ||| qw: Game counter: 147
     0 | D:1      | 0 ||| qw: Always use a shield: true
     0 | D:1      | 0 ||| qw: God list: Okawaru
     0 | D:1      | 0 ||| qw: Allow faded altars: false
     0 | D:1      | 0 ||| qw: Do Orc after D:15 true
     0 | D:1      | 0 ||| qw: Do second Lair branch before Depths: true
     0 | D:1      | 0 ||| qw: Lair rune preference: random
     0 | D:1      | 0 ||| qw: Plans: Normal, Zot:1-4, God:TSO, Crypt, Tomb,
                  | Pan, Slime:5, Hells, Abyss, Orb
     0 | D:1      | 0 ||| PLANNING D:1-11
   219 | D:1      | Reached skill level 2 in Axes
   349 | D:1      | Reached XP level 2. HP: 19/19 MP: 2/2
   856 | D:1      | 856 ||| UPGRADING to amulet of the acrobat.
   861 | D:1      | 861 ||| READING scroll labelled DEBUOT MU FYCW.
   862 | D:1      | 862 ||| READING scroll labelled LIESIC OCOY.
   863 | D:1      | 863 ||| READING scroll labelled SATYRE KOGARET.
   864 | D:1      | 864 ||| DRINKING 2 metallic orange potions.
   865 | D:1      | 865 ||| DROPPING potion of brilliance.
   898 | D:2      | Found a faded altar of an unknown god.
   901 | D:2      | Reached skill level 3 in Axes
   920 | D:2      | Reached XP level 3. HP: 14/23 MP: 3/3
   920 | D:2      | 920 ||| STAIRDANCE
  1091 | D:2      | 1091 ||| Stepping ~*~*~tactically~*~*~ (stealth).
  1121 | D:2      | 1121 ||| Stepping ~*~*~tactically~*~*~ (stealth).
  1122 | D:2      | 1122 ||| Stepping ~*~*~tactically~*~*~ (stealth).
  1181 | D:2      | Noticed Terence
  1182 | D:2      | 1182 ||| Stepping ~*~*~tactically~*~*~ (stealth).
  1184 | D:2      | 1184 ||| Stepping ~*~*~tactically~*~*~ (stealth).
  1186 | D:2      | 1186 ||| Stepping ~*~*~tactically~*~*~ (stealth).
  1195 | D:2      | Killed Terence
  1196 | D:2      | Reached XP level 4. HP: 15/28 MP: 4/4
  1333 | D:2      | 1333 ||| DROPPING +0 club.
  1373 | D:2      | Identified the +0 hat of Holub {rF+ Will+}
  1496 | D:2      | Reached skill level 4 in Axes
  1721 | D:2      | 1721 ||| Stepping ~*~*~tactically~*~*~ (stealth).
  2086 | D:2      | 2086 ||| UPGRADING to +0 chain mail.
  2096 | D:2      | 2096 ||| DROPPING +0 scale mail.
  2097 | D:2      | 2097 ||| UPGRADING to +0 hat of Holub {rF+ Will+}.
  2102 | D:2      | 2102 ||| READING scroll labelled XEW RIABUMMOF.
  2103 | D:2      | 2103 ||| DRINKING 2 lumpy white potions.
  2140 | D:2      | 2140 ||| DRINKING 2 yellow potions.
  2141 | D:2      | 2141 ||| DROPPING potion of magic.
  2161 | D:3      | 2161 ||| Stepping ~*~*~tactically~*~*~ (stealth).
  2163 | D:3      | 2163 ||| STAIRDANCE
  2168 | D:3      | Noticed Robin
  2188 | D:3      | HP: 4/28 [Robin/+0 trident (6)]
  2196 | D:3      | Killed Robin
  2197 | D:3      | Reached XP level 5. HP: 3/32 MP: 5/5
  2588 | D:3      | Noticed Sigmund
  2595 | D:3      | Killed Sigmund
  2596 | D:3      | Reached skill level 5 in Axes
  2596 | D:3      | Reached XP level 6. HP: 34/37 MP: 6/6
  2618 | D:3      | 2618 ||| Stepping ~*~*~tactically~*~*~ (stealth).
  3144 | D:3      | 3144 ||| UPGRADING to +0 pair of gloves.
  3149 | D:3      | 3149 ||| UPGRADING to ring of willpower.
  3150 | D:3      | 3150 ||| READING scroll labelled HIXZINT HAIBOGI.
  3155 | D:3      | 3155 ||| READING scroll labelled ELLYIZXOOCKU.
  3156 | D:3      | 3156 ||| DRINKING 2 emerald potions.
  3260 | D:3      | 3260 ||| READING 4 scrolls of identify.
  3260 | D:3      | 3260 ||| IDENTIFYING silvery potion
  3261 | D:3      | 3261 ||| READING 3 scrolls of identify.
  3261 | D:3      | 3261 ||| IDENTIFYING glowing green potion
  3262 | D:3      | 3262 ||| DROPPING potion of berserk rage.
  3263 | D:3      | 3263 ||| DROPPING potion of ambrosia.
  3372 | D:4      | Noticed an ice beast
  3379 | D:4      | HP: 8/38 [ice beast (9)]
  3383 | D:4      | Killed an ice beast
  3688 | D:4      | Found a hazy altar of Hepliaklqana.
  3735 | D:4      | 3735 ||| READING scroll of brand weapon.
  3735 | D:4      | 3735 ||| BRANDING +0 war axe of venom.
  3745 | D:4      | Noticed Duvessa
  3747 | D:4      | Noticed Dowan
  3748 | D:4      | 3748 ||| Stepping ~*~*~tactically~*~*~ (stealth).
  3750 | D:4      | 3750 ||| Stepping ~*~*~tactically~*~*~ (hiding).
  3751 | D:4      | 3751 ||| Stepping ~*~*~tactically~*~*~ (hiding).
  3775 | D:4      | Killed Duvessa
  3776 | D:4      | Reached skill level 6 in Axes
  3776 | D:4      | Reached XP level 7. HP: 25/44 MP: 7/7
  3776 | D:4      | 3776 ||| FLEEEEING.
  3777 | D:4      | 3777 ||| Stepping ~*~*~tactically~*~*~ (hiding).
  3784 | D:4      | Killed Dowan
  3785 | D:4      | Reached skill level 1 in Dodging
  4306 | D:4      | 4306 ||| READING scroll labelled YLEUXTUASER.
  4307 | D:4      | 4307 ||| READING scroll labelled REN JOS TATEGH.
  4308 | D:4      | 4308 ||| READING 3 scrolls of identify.
  4308 | D:4      | 4308 ||| IDENTIFYING coppery potion
  4309 | D:4      | 4309 ||| READING 2 scrolls of identify.
  4309 | D:4      | 4309 ||| IDENTIFYING red potion
  4321 | D:5      | Entered Level 5 of the Dungeon
  4499 | D:5      | 4499 ||| Stepping ~*~*~tactically~*~*~ (stealth).
  4536 | D:5      | Reached skill level 7 in Axes
  4542 | D:5      | 4542 ||| Stepping ~*~*~tactically~*~*~ (stealth).
  4543 | D:5      | 4543 ||| Stepping ~*~*~tactically~*~*~ (stealth).
  4544 | D:5      | 4544 ||| Stepping ~*~*~tactically~*~*~ (stealth).
  4566 | D:5      | 4566 ||| Stepping ~*~*~tactically~*~*~ (stealth).
  4590 | D:5      | 4590 ||| Stepping ~*~*~tactically~*~*~ (hiding).
  4676 | D:5      | 4676 ||| Stepping ~*~*~tactically~*~*~ (hiding).
  4846 | D:5      | Reached XP level 8. HP: 49/49 MP: 8/8
  4846 | D:5      | 4846 ||| Stepping ~*~*~tactically~*~*~ (stealth).
  4847 | D:5      | 4847 ||| Stepping ~*~*~tactically~*~*~ (stealth).
  4930 | D:5      | Found a staircase to the Ecumenical Temple.
  4931 | D:5      | 4931 ||| PLANNING TEMPLE
  4931 | D:5      | 4931 ||| DROPPING ring of wizardry.
  4932 | D:5      | 4932 ||| READING scroll labelled KIMEP UNEU.
  4933 | D:5      | 4933 ||| DRINKING 2 golden potions.
  4934 | D:5      | 4934 ||| READING 4 scrolls of identify.
  4934 | D:5      | 4934 ||| IDENTIFYING blue potion
  4939 | D:5      | 4939 ||| FLEEEEING.
  4948 | D:5      | 4948 ||| STAIRDANCE
  4961 | Temple   | Entered the Ecumenical Temple
  4968 | Temple   | 4968 ||| PLANNING OKAWARU WORSHIP
  5151 | Temple   | Became a worshipper of Warmaster Okawaru
  5152 | Temple   | 5152 ||| PLANNING D:1-11
  5431 | D:5      | Found a runed translucent door.
  5431 | D:5      | Noticed Crazy Yiuf
  5483 | D:5      | 5483 ||| STAIRDANCE
  5487 | D:5      | 5487 ||| STAIRDANCE
  5491 | D:5      | 5491 ||| STAIRDANCE
  5495 | D:5      | 5495 ||| STAIRDANCE
  5499 | D:5      | 5499 ||| STAIRDANCE
  5503 | D:5      | 5503 ||| STAIRDANCE
  5507 | D:5      | 5507 ||| STAIRDANCE
  5511 | D:5      | 5511 ||| STAIRDANCE
  5515 | D:5      | 5515 ||| STAIRDANCE
  5519 | D:5      | 5519 ||| STAIRDANCE
  5523 | D:5      | 5523 ||| STAIRDANCE
  5527 | D:5      | 5527 ||| STAIRDANCE
  5531 | D:5      | 5531 ||| STAIRDANCE
  5535 | D:5      | 5535 ||| STAIRDANCE
  5539 | D:5      | 5539 ||| STAIRDANCE
  5543 | D:5      | 5543 ||| STAIRDANCE
  5547 | D:5      | 5547 ||| STAIRDANCE
  5551 | D:5      | 5551 ||| STAIRDANCE
  5555 | D:5      | 5555 ||| STAIRDANCE
  5595 | D:4      | Found a sparkling altar of Nemelex Xobeh.
  5662 | D:6      | Reached skill level 8 in Axes
  5765 | D:6      | Found a stormy altar of Qazlal.
  5768 | D:6      | 5768 ||| Stepping ~*~*~tactically~*~*~ (stealth).
  5790 | D:6      | Reached skill level 6 in Fighting
  5813 | D:6      | Noticed Grinder
  5821 | D:6      | 5821 ||| Stepping ~*~*~tactically~*~*~ (hiding).
  5822 | D:6      | 5822 ||| Stepping ~*~*~tactically~*~*~ (hiding).
  5823 | D:6      | 5823 ||| Stepping ~*~*~tactically~*~*~ (hiding).
  5824 | D:6      | 5824 ||| Stepping ~*~*~tactically~*~*~ (hiding).
  5825 | D:6      | 5825 ||| Stepping ~*~*~tactically~*~*~ (hiding).
  5826 | D:6      | 5826 ||| Stepping ~*~*~tactically~*~*~ (hiding).
  5849 | D:6      | Killed Grinder
  5849 | D:6      | Reached * piety under Okawaru
  6073 | D:6      | Reached XP level 9. HP: 54/55 MP: 9/9
  6085 | D:6      | 6085 ||| DROPPING amulet of magic regeneration.
  6086 | D:6      | 6086 ||| Stepping randomly (stuck).
  6087 | D:6      | 6087 ||| Stepping randomly (stuck).
  6088 | D:6      | 6088 ||| Stepping randomly (stuck).
  6089 | D:6      | 6089 ||| Stepping randomly (stuck).
  6090 | D:6      | 6090 ||| Stepping randomly (stuck).
  6091 | D:6      | 6091 ||| Stepping randomly (stuck).
  6092 | D:6      | 6092 ||| Stepping randomly (stuck).
  6093 | D:6      | 6093 ||| Stepping randomly (stuck).
  6094 | D:6      | 6094 ||| Stepping randomly (stuck).
  6095 | D:6      | 6095 ||| Stepping randomly (stuck).
  6096 | D:6      | 6096 ||| Stepping randomly (stuck).
  6097 | D:6      | 6097 ||| Stepping randomly (stuck).
  6098 | D:6      | 6098 ||| Stepping randomly (stuck).
  6099 | D:6      | 6099 ||| Stepping randomly (stuck).
  6100 | D:6      | 6100 ||| Stepping randomly (stuck).
  6101 | D:6      | 6101 ||| Stepping randomly (stuck).
  6102 | D:6      | 6102 ||| Stepping randomly (stuck).
  6103 | D:6      | 6103 ||| Stepping randomly (stuck).
  6104 | D:6      | 6104 ||| Stepping randomly (stuck).
  6105 | D:6      | 6105 ||| Stepping randomly (stuck).
  6106 | D:6      | 6106 ||| Stepping randomly (stuck).
  6107 | D:6      | 6107 ||| Stepping randomly (stuck).
  6108 | D:6      | 6108 ||| Stepping randomly (stuck).
  6109 | D:6      | 6109 ||| Stepping randomly (stuck).
  6110 | D:6      | 6110 ||| Stepping randomly (stuck).
  6111 | D:6      | 6111 ||| Stepping randomly (stuck).
  6112 | D:6      | 6112 ||| Stepping randomly (stuck).
  6114 | D:6      | 6114 ||| Stepping randomly (stuck).
  6115 | D:6      | 6115 ||| Stepping randomly (stuck).
  6116 | D:6      | 6116 ||| Stepping randomly (stuck).
  6117 | D:6      | 6117 ||| Stepping randomly (stuck).
  6121 | D:6      | 6121 ||| Stepping randomly (stuck).
  6122 | D:6      | 6122 ||| Stepping randomly (stuck).
  6125 | D:6      | 6125 ||| Stepping randomly (stuck).
  6126 | D:6      | 6126 ||| Stepping randomly (stuck).
  6127 | D:6      | 6127 ||| Stepping randomly (stuck).
  6128 | D:6      | 6128 ||| Stepping randomly (stuck).
  6129 | D:6      | 6129 ||| Stepping randomly (stuck).
  6131 | D:6      | 6131 ||| Stepping randomly (stuck).
  6132 | D:6      | 6132 ||| Stepping randomly (stuck).
  6133 | D:6      | 6133 ||| Stepping randomly (stuck).
  6134 | D:6      | 6134 ||| Stepping randomly (stuck).
  6135 | D:6      | 6135 ||| Stepping randomly (stuck).
  6136 | D:6      | 6136 ||| Stepping randomly (stuck).
  6137 | D:6      | 6137 ||| Stepping randomly (stuck).
  6138 | D:6      | 6138 ||| Stepping randomly (stuck).
  6139 | D:6      | 6139 ||| Stepping randomly (stuck).
  6140 | D:6      | 6140 ||| Stepping randomly (stuck).
  6141 | D:6      | 6141 ||| Stepping randomly (stuck).
  6142 | D:6      | 6142 ||| Stepping randomly (stuck).
  6143 | D:6      | 6143 ||| Stepping randomly (stuck).
  6159 | D:6      | 6159 ||| INVOKING Heroism.
  6164 | D:6      | Reached skill level 1 in Invocations
  6183 | D:6      | Reached skill level 9 in Axes
  6188 | D:6      | 6188 ||| Stepping ~*~*~tactically~*~*~ (stealth).
  6231 | D:6      | 6231 ||| Stepping ~*~*~tactically~*~*~ (hiding).
  6248 | D:6      | 6248 ||| Stepping ~*~*~tactically~*~*~ (stealth).
  6810 | D:6      | 6810 ||| READING 5 scrolls of identify.
  6810 | D:6      | 6810 ||| IDENTIFYING green potion
  6811 | D:6      | 6811 ||| DROPPING potion of flight.
  6860 | D:7      | 6860 ||| INVOKING Heroism.
  6874 | D:7      | Reached skill level 1 in Throwing
  6874 | D:7      | Reached skill level 3 in Invocations
  6967 | D:7      | 6967 ||| Stepping ~*~*~tactically~*~*~ (stealth).
  6968 | D:7      | 6968 ||| Stepping ~*~*~tactically~*~*~ (stealth).
  6970 | D:7      | 6970 ||| Stepping ~*~*~tactically~*~*~ (hiding).
  6975 | D:7      | 6975 ||| INVOKING Heroism.
  6995 | D:7      | 6995 ||| INVOKING Heroism.
  7024 | D:7      | 7024 ||| INVOKING Heroism.
  7212 | D:7      | 7212 ||| Stepping ~*~*~tactically~*~*~ (stealth).
  7216 | D:7      | 7216 ||| INVOKING Heroism.
  7221 | D:7      | Noticed a centaur warrior
  7222 | D:7      | 7222 ||| Stepping ~*~*~tactically~*~*~ (stealth).
  7249 | D:7      | Killed a centaur warrior
  7249 | D:7      | Reached ** piety under Okawaru
  7255 | D:7      | 7255 ||| Stepping ~*~*~tactically~*~*~ (stealth).
  7324 | D:7      | 7324 ||| Stepping ~*~*~tactically~*~*~ (stealth).
  7326 | D:7      | 7326 ||| Stepping ~*~*~tactically~*~*~ (stealth).
  7333 | D:7      | 7333 ||| Stepping ~*~*~tactically~*~*~ (stealth).
  7341 | D:7      | 7341 ||| Stepping ~*~*~tactically~*~*~ (stealth).
  7345 | D:7      | 7345 ||| Stepping ~*~*~tactically~*~*~ (stealth).
  7353 | D:7      | 7353 ||| INVOKING Heroism.
  7461 | D:7      | Reached XP level 10. HP: 57/65 MP: 13/13
  7651 | D:7      | 7651 ||| Stepping ~*~*~tactically~*~*~ (stealth).
  7653 | D:7      | 7653 ||| Stepping ~*~*~tactically~*~*~ (stealth).
  7658 | D:7      | 7658 ||| Stepping ~*~*~tactically~*~*~ (hiding).
  7659 | D:7      | 7659 ||| INVOKING Heroism.
  7660 | D:7      | 7660 ||| Stepping ~*~*~tactically~*~*~ (hiding).
  7701 | D:7      | Noticed a cyclops
  7702 | D:7      | 7702 ||| INVOKING Heroism.
  7709 | D:7      | Killed a cyclops
  7710 | D:7      | Reached skill level 10 in Axes
  7945 | D:7      | Identified the +6 spear of Xasungou {holy, Str+5}
  7947 | D:7      | Identified the ring "Raph" {rElec rF+ rC+ Str-5 Int+6}
  7950 | D:7      | Identified the +5 flail of the Lame Duck {venom, Str+6}
  7952 | D:7      | 7952 ||| DROPPING +5 flail of the Lame Duck {venom, Str+6}.
  8047 | D:7      | Noticed Pikel
  8048 | D:7      | 8048 ||| Stepping ~*~*~tactically~*~*~ (hiding).
  8055 | D:7      | 8055 ||| INVOKING Heroism.
  8061 | D:7      | Killed Pikel
  8166 | D:7      | Found a radiant altar of Vehumet.
  8205 | D:7      | 8205 ||| INVOKING Heroism.
  8210 | D:7      | 8210 ||| UPGRADING to ring "Raph" {rElec rF+ rC+ Str-5
                  | Int+6}.
  8211 | D:7      | 8211 ||| UPGRADING to +2 helmet.
  8323 | D:7      | 8323 ||| UPGRADING to +2 helmet.
  8408 | D:7      | 8408 ||| INVOKING Heroism.
  8414 | D:7      | Reached skill level 6 in Armour
  9095 | D:7      | 9095 ||| READING 2 scrolls labelled LOPLOC GACAIFI.
  9096 | D:7      | 9096 ||| READING scroll labelled KERIGA TAXIES.
  9197 | D:7      | 9197 ||| DROPPING scroll of immolation.
  9226 | D:8      | 9226 ||| READING scroll of enchant armour.
  9226 | D:8      | 9226 ||| ENCHANTING +0 pair of gloves.
  9249 | D:8      | Found a bloodstained altar of Trog.
  9250 | D:8      | Noticed a two-headed ogre
  9251 | D:8      | 9251 ||| INVOKING Heroism.
  9267 | D:8      | Killed a two-headed ogre
  9267 | D:8      | Reached *** piety under Okawaru
  9268 | D:8      | Reached skill level 6 in Shields
  9369 | D:8      | 9369 ||| Stepping ~*~*~tactically~*~*~ (stealth).
  9371 | D:8      | 9371 ||| INVOKING Heroism.
  9394 | D:8      | Found a staircase to the Lair.
  9532 | D:8      | 9532 ||| Stepping ~*~*~tactically~*~*~ (hiding).
 10293 | D:8      | 10293 ||| PLANNING LAIR
 10293 | D:8      | 10293 ||| UPGRADING to +0 plate armour.
 10303 | D:8      | 10303 ||| DROPPING +0 chain mail.
 10304 | D:8      | 10304 ||| READING 4 scrolls of identify.
 10304 | D:8      | 10304 ||| IDENTIFYING fizzy brown potion
 10305 | D:8      | 10305 ||| READING 3 scrolls of identify.
 10305 | D:8      | 10305 ||| IDENTIFYING sapphire potion
 10306 | D:8      | 10306 ||| DROPPING potion of degeneration.
 10343 | Lair:1   | Entered Level 1 of the Lair of Beasts
 10343 | Lair:1   | Noticed a cane toad
 10344 | Lair:1   | 10344 ||| INVOKING Heroism.
 10363 | Lair:1   | Killed a cane toad
 10387 | Lair:1   | Found a runed translucent gate.
 10387 | Lair:1   | Found a runed translucent gate.
 10388 | Lair:1   | Found a runed translucent gate.
 10419 | Lair:1   | 10419 ||| INVOKING Heroism.
 10424 | Lair:1   | Reached XP level 11. HP: 69/69 MP: 11/14
 10425 | Lair:1   | 10425 ||| Stepping ~*~*~tactically~*~*~ (stealth).
 10432 | Lair:1   | Reached skill level 11 in Axes
 10444 | Lair:1   | Reached **** piety under Okawaru
 10507 | Lair:1   | 10507 ||| INVOKING Heroism.
 10514 | Lair:1   | Reached skill level 9 in Fighting
 10532 | Lair:1   | Noticed Dunwar's ghost (journeyman GnCK)
 10684 | Lair:1   | 10684 ||| Stepping ~*~*~tactically~*~*~ (stealth).
 11058 | Lair:1   | 11058 ||| INVOKING Heroism.
 11072 | Lair:1   | Reached ***** piety under Okawaru
 11078 | Lair:1   | Noticed a death yak
 11092 | Lair:1   | 11092 ||| INVOKING Heroism.
 11093 | Lair:1   | 11093 ||| INVOKING Finesse.
 11094 | Lair:1   | 11094 ||| INVOKING Finesse.
 11114 | Lair:1   | Killed a death yak
 11115 | Lair:1   | Reached skill level 6 in Invocations
 11497 | Lair:1   | 11497 ||| DROPPING amulet of faith.
 11518 | Lair:2   | Noticed Amaemon
 11519 | Lair:2   | 11519 ||| INVOKING Heroism.
 11540 | Lair:2   | Killed Amaemon
 11594 | Lair:2   | 11594 ||| DROPPING +0 morningstar.
 11631 | Lair:2   | 11631 ||| INVOKING Heroism.
 11668 | Lair:2   | Found a hole to the Spider Nest.
 11669 | Lair:2   | 11669 ||| Stepping ~*~*~tactically~*~*~ (stealth).
 11681 | Lair:2   | 11681 ||| INVOKING Heroism.
 11702 | Lair:2   | 11702 ||| INVOKING Heroism.
 11758 | Lair:2   | 11758 ||| INVOKING Heroism.
 11759 | Lair:2   | 11759 ||| Stepping ~*~*~tactically~*~*~ (stealth).
 11775 | Lair:2   | Reached skill level 12 in Axes
 11775 | Lair:2   | Identified the +4 scale mail of Nefino {Harm rN+ Will+
                  | Int-5} (Okawaru gifted it to you on level 2 of the Lair of
                  | Beasts)
 11775 | Lair:2   | Received a gift from Okawaru
 11807 | Lair:2   | 11807 ||| Stepping ~*~*~tactically~*~*~ (stealth).
 11808 | Lair:2   | 11808 ||| INVOKING Heroism.
 11920 | Lair:2   | Reached XP level 12. HP: 76/76 MP: 18/18
 11950 | Lair:2   | 11950 ||| READING scroll of enchant armour.
 11950 | Lair:2   | 11950 ||| ENCHANTING +1 pair of gloves.
 11996 | Lair:2   | 11996 ||| INVOKING Heroism.
 12015 | Lair:2   | Reached skill level 9 in Armour
 12071 | Lair:2   | Reached skill level 9 in Invocations
 12117 | Lair:2   | Noticed Maggie
 12131 | Lair:2   | Killed Maggie
 12476 | Lair:2   | 12476 ||| READING 3 scrolls of identify.
 12476 | Lair:2   | 12476 ||| IDENTIFYING clear potion
 12477 | Lair:2   | 12477 ||| DROPPING potion of invisibility.
 12514 | Lair:3   | You fall into a shaft and drop 2 floors!
 12514 | Lair:5   | Entered Level 5 of the Lair of Beasts
 12555 | Lair:5   | 12555 ||| INVOKING Heroism.
 12647 | Lair:5   | Noticed a four-headed hydra
 12648 | Lair:5   | 12648 ||| INVOKING Heroism.
 12649 | Lair:5   | 12649 ||| INVOKING Finesse.
 12651 | Lair:5   | 12651 ||| SWAPPING to +0 demon whip of venom.
 12655 | Lair:5   | 12655 ||| Stepping ~*~*~tactically~*~*~ (outnumbered).
 12656 | Lair:5   | 12656 ||| Stepping ~*~*~tactically~*~*~ (outnumbered).
 12665 | Lair:5   | Killed a four-headed hydra
 12666 | Lair:5   | 12666 ||| SWAPPING to +0 vampiric war axe.
 12773 | Lair:5   | 12773 ||| INVOKING Heroism.
 12803 | Lair:5   | 12803 ||| INVOKING Heroism.
 12831 | Lair:5   | 12831 ||| INVOKING Heroism.
 13160 | Lair:5   | 13160 ||| UPGRADING to +6 ring of strength.
 13162 | Lair:5   | 13162 ||| READING scroll labelled TOUTEO BIUDD.
 13172 | Lair:4   | 13172 ||| INVOKING Heroism.
 13239 | Lair:4   | 13239 ||| Stepping ~*~*~tactically~*~*~ (stealth).
 13241 | Lair:4   | 13241 ||| Stepping ~*~*~tactically~*~*~ (stealth).
 13244 | Lair:4   | 13244 ||| Stepping ~*~*~tactically~*~*~ (stealth).
 13268 | Lair:4   | 13268 ||| Stepping ~*~*~tactically~*~*~ (stealth).
 13269 | Lair:4   | 13269 ||| Stepping ~*~*~tactically~*~*~ (stealth).
 13273 | Lair:4   | 13273 ||| Stepping ~*~*~tactically~*~*~ (stealth).
 13336 | Lair:4   | Found a staircase to the Slime Pits.
 13353 | Lair:4   | Reached skill level 13 in Axes
 13484 | Lair:4   | Noticed Josephine
 13486 | Lair:4   | 13486 ||| Stepping ~*~*~tactically~*~*~ (hiding).
 13487 | Lair:4   | 13487 ||| Stepping ~*~*~tactically~*~*~ (hiding).
 13495 | Lair:4   | 13495 ||| INVOKING Heroism.
 13512 | Lair:4   | Killed Josephine
 13512 | Lair:4   | Identified the +1 ring mail of Pioc {Rampage Fly Str-5
                  | Int+3} (Okawaru gifted it to you on level 4 of the Lair of
                  | Beasts)
 13512 | Lair:4   | Received a gift from Okawaru
 13592 | Lair:4   | 13592 ||| Stepping ~*~*~tactically~*~*~ (stealth).
 13598 | Lair:4   | 13598 ||| INVOKING Heroism.
 13610 | Lair:4   | Reached XP level 13. HP: 82/82 MP: 18/20
 13632 | Lair:4   | 13632 ||| READING scroll labelled QUYLAO YHAISUI.
 13635 | Lair:4   | 13635 ||| INVOKING Heroism.
 13636 | Lair:4   | 13636 ||| INVOKING Finesse.
 13638 | Lair:4   | 13638 ||| SWAPPING to +0 demon whip of venom.
 13649 | Lair:4   | Reached skill level 14 in Axes
 13649 | Lair:4   | 13649 ||| SWAPPING to +0 vampiric war axe.
 13778 | Lair:3   | 13778 ||| INVOKING Heroism.
 13878 | Lair:3   | 13878 ||| Stepping ~*~*~tactically~*~*~ (stealth).
 13885 | Lair:3   | 13885 ||| INVOKING Heroism.
 13886 | Lair:3   | 13886 ||| INVOKING Finesse.
 13890 | Lair:3   | 13890 ||| SWAPPING to +0 demon whip of venom.
 13911 | Lair:3   | 13911 ||| SWAPPING to +0 vampiric war axe.
 14014 | Lair:3   | 14014 ||| INVOKING Heroism.
 14015 | Lair:3   | 14015 ||| SWAPPING to +0 demon whip of venom.
 14016 | Lair:3   | 14016 ||| INVOKING Finesse.
 14023 | Lair:3   | 14023 ||| SWAPPING to +0 vampiric war axe.
 14061 | Lair:3   | Found a staircase to the Swamp.
 14137 | Lair:3   | 14137 ||| Stepping ~*~*~tactically~*~*~ (stealth).
 14169 | Lair:3   | Identified the +8 sling "Cisik" {vorpal, Drain rElec rCorr
                  | Str+3}
 14230 | Lair:3   | 14230 ||| Stepping ~*~*~tactically~*~*~ (stealth).
 14231 | Lair:3   | 14231 ||| Stepping ~*~*~tactically~*~*~ (stealth).
 14378 | Lair:3   | 14378 ||| Stepping ~*~*~tactically~*~*~ (stealth).
 14382 | Lair:3   | 14382 ||| INVOKING Heroism.
 14581 | Lair:3   | 14581 ||| INVOKING Heroism.
 14587 | Lair:3   | 14587 ||| Stepping ~*~*~tactically~*~*~ (hiding).
 14614 | Lair:3   | Reached skill level 3 in Throwing
 14810 | Lair:3   | 14810 ||| DROPPING ring of flight.
 14907 | Lair:4   | 14907 ||| INVOKING Heroism.
 14933 | Lair:4   | Found an iron altar of Okawaru.
 15123 | Lair:4   | Found a runed translucent gate.
 15123 | Lair:4   | Found a runed translucent gate.
 15124 | Lair:4   | Found a runed translucent gate.
 15198 | Lair:4   | 15198 ||| INVOKING Heroism.
 15199 | Lair:4   | 15199 ||| INVOKING Finesse.
 15480 | Lair:4   | 15480 ||| INVOKING Heroism.
 15617 | Lair:4   | Noticed Ceyroiss's ghost (journeyman HuWn)
 15617 | Lair:4   | Noticed Fifowuza's ghost (journeyman DrTm)
 15617 | Lair:4   | Noticed Raneoc's ghost (journeyman MiFi)
 15854 | Lair:4   | 15854 ||| READING 4 scrolls of identify.
 15854 | Lair:4   | 15854 ||| IDENTIFYING bubbling pink potion
 15890 | Lair:5   | 15890 ||| INVOKING Heroism.
 15896 | Lair:5   | 15896 ||| Stepping ~*~*~tactically~*~*~ (stealth).
 15897 | Lair:5   | 15897 ||| Stepping ~*~*~tactically~*~*~ (stealth).
 15935 | Lair:5   | 15935 ||| INVOKING Heroism.
 15963 | Lair:5   | 15963 ||| Stepping ~*~*~tactically~*~*~ (stealth).
 15964 | Lair:5   | 15964 ||| Stepping ~*~*~tactically~*~*~ (stealth).
 15965 | Lair:5   | 15965 ||| Stepping ~*~*~tactically~*~*~ (stealth).
 15966 | Lair:5   | 15966 ||| Stepping ~*~*~tactically~*~*~ (stealth).
 16019 | Lair:5   | 16019 ||| INVOKING Heroism.
 16098 | Lair:5   | 16098 ||| Stepping ~*~*~tactically~*~*~ (stealth).
 16099 | Lair:5   | 16099 ||| Stepping ~*~*~tactically~*~*~ (stealth).
 16100 | Lair:5   | 16100 ||| Stepping ~*~*~tactically~*~*~ (hiding).
 16103 | Lair:5   | 16103 ||| INVOKING Heroism.
 16237 | Lair:5   | 16237 ||| INVOKING Heroism.
 16387 | Lair:5   | 16387 ||| INVOKING Heroism.
 16388 | Lair:5   | 16388 ||| Stepping ~*~*~tactically~*~*~ (stealth).
 16389 | Lair:5   | 16389 ||| SWAPPING to +0 demon whip of venom.
 16390 | Lair:5   | 16390 ||| Stepping ~*~*~tactically~*~*~ (stealth).
 16391 | Lair:5   | 16391 ||| Stepping ~*~*~tactically~*~*~ (stealth).
 16392 | Lair:5   | 16392 ||| INVOKING Finesse.
 16393 | Lair:5   | 16393 ||| Stepping ~*~*~tactically~*~*~ (outnumbered).
 16397 | Lair:5   | 16397 ||| Stepping ~*~*~tactically~*~*~ (outnumbered).
 16398 | Lair:5   | 16398 ||| Stepping ~*~*~tactically~*~*~ (outnumbered).
 16404 | Lair:5   | 16404 ||| Stepping ~*~*~tactically~*~*~ (outnumbered).
 16405 | Lair:5   | 16405 ||| Stepping ~*~*~tactically~*~*~ (outnumbered).
 16412 | Lair:5   | HP: 12/84 [four-headed hydra (10)]
 16413 | Lair:5   | 16413 ||| READING scroll of teleportation.
 16413 | Lair:5   | HP: 2/84 [four-headed hydra (10)]
 16413 | Lair:5   | Slain by a four-headed hydra

Levels and vault maps discovered:
D:1:      ncdulo_watergridlock, layout_loops_cross, grunt_decor_junction
D:2:      layout_loops_corners, nicolae_ecumenical_oubliette, uniq_terence
D:3:      layout_loops_ring, chequers_serial_rivers_micro_e, uniq_robin,
          uniq_sigmund
D:4:      layout_basic, nicolae_overflow_hidden_temple, uniq_duvessa
D:5:      layout_loops_ring, minmay_temple_entry_butterflies,
          uniq_crazy_yiuf_cottage
D:6:      layout_loops_ring, grunt_qazlal_clouds, serial_co_window_serial,
          co_window_corner_a, co_window_corner_a, co_window_paths_b,
          co_window_paths_b, co_window_paths_a, co_window_2corner,
          co_window_broadway_c, co_window_broadway_c, glass_columns_b,
          minmay_mini_ossuary, uniq_grinder
D:7:      minmay_the_grid_four_pointed_star
          [minmay_the_grid_triangle_9x9_corruption,
          minmay_the_grid_triangle_9x9_corrupted_corridor,
          minmay_the_grid_triangle_9x9_intruding_spiral,
          minmay_the_grid_triangle_9x9_steps,
          minmay_the_grid_prize_diamond_cup], layout_loops_ring,
          fiery_altar_vehumet, serial_co_window_serial, co_window_paths_a,
          co_window_paths_a, co_window_cross_1, co_window_corner_a,
          co_window_of_opportunity_a, co_window_paths_b,
          co_window_unsneaky_path_e, co_window_2corner,
          co_window_unsneaky_path_c, co_window_corner_ca, co_window_2corner,
          glass_columns_b, glass_columns_b, glass_columns_a, glass_columns_a,
          uniq_pikel
D:8:      layout_basic, mainiacjoe_overflow_small_starburst,
          erik_lair_orcish_takeover, kennysheep_generic_room_7
Temple:   bh_familiar_temple
Lair:1:   layout_hall_layers, serial_forest, infiniplex_forest_lined_room_3,
          infiniplex_forest_lined_room_2, infiniplex_forest_clump_diagonal,
          infiniplex_forest_end_2, gammafunk_ghost_icy, serial_bayou_shore_a
Lair:2:   layout_gridlike, spider_nest_entry_a, infiniplex_staircase_pool,
          serial_bayou_shore_b, lemuel_fruit_fields, uniq_maggie, uniq_amaemon
Lair:3:   layout_roguey, palyth_hydra_swamp_entry, lemuel_fruit_tree,
          grunt_megastairs_1
Lair:4:   dpeg_oklob_shooting_range, layout_cave_pods,
          minmay_slime_entry_pillars, basic_altar, gammafunk_ghost_cemetery,
          uniq_josephine
Lair:5:   hangedman_lair_in_review, layout_regular_city, hibernation_bobbens

Skill      XL: |  1  2  3  4  5  6  7  8  9 10 11 12 13 |
---------------+----------------------------------------+-----
Axes           | 2 3 4 5 6 7 8 9 10 12 13 14 | 14.8
Fighting       | 4 5 6 8 9 10 11 | 11.0
Dodging        | 1 2 |  2.0
Armour         | 4 7 8 9 10 | 10.0
Invocations    | 4 8 10 | 10.0
Throwing       | 1 4 |  4.2
Shields        | 4 6 7 |  7.0

Action                   |  1- 3 |  4- 6 |  7- 9 | 10-12 | 13-15 || total
-------------------------+-------+-------+-------+-------+-------++-------
Melee: War axe           |    77 |   118 |   348 |   668 |   397 ||  1608
       Demon whip        |       |       |       |    11 |    48 ||    59
Throw: Boomerang         |       |       |     1 |       |       ||     1
       Javelin           |       |       |       |       |    14 ||    14
Invok: Heroism           |       |       |     7 |    27 |    15 ||    49
       Finesse           |       |       |       |     2 |     5 ||     7
  Use: Scroll            |     3 |     6 |     7 |     8 |     3 ||    27
       Potion            |     1 |     3 |     1 |       |       ||     5
Armor: Scale mail        |    28 |    10 |       |       |       ||    38
       Chain mail        |       |    69 |   234 |    73 |       ||   376
       Plate armour      |       |       |       |   423 |   304 ||   727
Dodge: Dodged            |    31 |    53 |   128 |   233 |   137 ||   582
Block: Buckler           |    14 |    22 |    63 |   199 |   118 ||   416

Table legend:
 A = Non-vault XP
 B = Vault XP
 C = Vault XP percentage of total XP
 D = Non-vault monster count
 E = Vault monster count
 F = Vault count percentage of total count
                 A         B        C        D         E       F
            +---------+---------+-------+---------+---------+-------
      Total |   38089 |   15258 |  28.6 |     241 |      70 |  22.5
            +---------+---------+-------+---------+---------+-------
        D:1 |      29 |       0 |   0.0 |      16 |       0 |   0.0
        D:2 |      60 |      37 |  38.1 |      18 |       2 |  10.0
        D:3 |      31 |     263 |  89.5 |      11 |      13 |  54.2
        D:4 |     194 |     207 |  51.6 |       8 |       2 |  20.0
        D:5 |     616 |       0 |   0.0 |      17 |       0 |   0.0
        D:6 |    1003 |     299 |  23.0 |      20 |       6 |  23.1
        D:7 |    1604 |    2502 |  60.9 |      28 |       8 |  22.2
        D:8 |     997 |     647 |  39.4 |       4 |       9 |  69.2
     Lair:1 |    5139 |       0 |   0.0 |      24 |       0 |   0.0
     Lair:2 |    6419 |    1761 |  21.5 |      21 |       4 |  16.0
     Lair:3 |    6316 |    4826 |  43.3 |      25 |      11 |  30.6
     Lair:4 |    8034 |    2593 |  24.4 |      27 |       8 |  22.9
     Lair:5 |    7647 |    2123 |  21.7 |      22 |       7 |  24.1
            +---------+---------+-------+---------+---------+-------
